Map: Emerald City LE

Players

qqq - Winner!

  • Race: Protoss Protoss
  • League: Platinum
  • Spawn Location: 5:00

Massa - Winner!

  • Race: Terran Terran
  • League: Platinum
  • Spawn Location: 5:00

BlackDog

  • Race: Protoss Protoss
  • League: Diamond
  • Spawn Location: 11:00

PhilDunphy

  • Race: Protoss Protoss
  • League: Diamond
  • Spawn Location: 11:00

VOD

Have the link to the VOD?

Description

Time

  • Played on: Dec. 31, 2020, 8:01 a.m.
  • Length: 3:08
Show
View Real Time Build Order
Export as new Build Order

qqq Protoss - Winner!

Build Orders:  

Get SALT Encoding   

  12  0:01  Probe  
  13  0:19  Probe  
  14  0:21  Pylon  
  14  0:31  Probe  
  15  0:42  Forge  
  15  0:58  Pylon  
  15  1:01  Probe  
  16  1:33  Photon Cannon  
  16  1:42  Pylon  
  16  1:44  Pylon  
  16  1:47  Pylon  
  16  2:00  Photon Cannon  
  16  2:08  Photon Cannon  
  16  2:12  Photon Cannon  
  16  2:17  Photon Cannon  
  16  2:21  Photon Cannon  
  16  2:41  Photon Cannon  
  16  2:44  Pylon  
  16  2:54  Photon Cannon  
Show
View Real Time Build Order
Export as new Build Order

Massa Terran - Winner!

Build Orders: Gas First Reaper Expand 

Get SALT Encoding   

  12  0:00  SCV  
  13  0:12  SCV  
  14  0:23  Supply Depot  
  14  0:25  SCV  
  15  0:35  Refinery  
  15  0:45  SCV  
  15  0:46  Barracks  
  16  0:57  SCV  
  17  1:09  SCV  
  18  1:21  SCV  
  19  1:33  Orbital Command  
  19  1:36  Reaper  
  20  1:47  Command Center  
  20  1:59  SCV  
  21  2:11  SCV  
  22  2:32  Command Center  
  22  2:36  Barracks Tech Lab  
  23  2:44  SCV, Factory  
  23  2:50  Supply Depot  
  23  2:52  Refinery  
Show
View Real Time Build Order
Export as new Build Order

BlackDog Protoss 

Build Orders:  

Get SALT Encoding   

  12  0:01  Probe  
  13  0:13  Probe  
  14  0:20  Pylon  
  14  0:25  Probe  
  15  0:38  Probe  
  16  0:42  Gateway  
  16  0:50  Probe  
  16  0:53  Assimilator  
  17  1:00  Assimilator  
  17  1:02  Probe  
  18  1:14  Probe  
  19  1:26  Probe  
  19  1:31  Cybernetics Core  
  20  1:36  Pylon  
  20  1:41  Probe  
  21  1:54  Probe  
  22  2:06  Probe  
  23  2:08  Stalker (Chrono Boost)  
  23  2:09  Forge  
  25  2:18  Pylon  
  24  2:30  Adept  
  23  2:40  Pylon  
  23  2:42  Photon Cannon  
Show
View Real Time Build Order
Export as new Build Order

PhilDunphy Protoss 

Build Orders: 1 Gate Expand 

Get SALT Encoding   

  12  0:00  Probe  
  13  0:12  Probe  
  14  0:18  Pylon  
  14  0:24  Probe (Chrono Boost)  
  15  0:36  Probe (Chrono Boost)  
  15  0:42  Gateway  
  16  0:45  Probe (Chrono Boost)  
  16  0:48  Assimilator  
  17  0:51  Probe  
  18  1:03  Probe  
  19  1:15  Probe  
  20  1:31  Probe  
  20  1:32  Nexus  
  21  1:42  Cybernetics Core  
  21  1:49  Assimilator  
  21  1:57  Probe, Pylon  
  23  2:21  Stargate  
  23  2:23  Pylon  
  23  2:27  Stalker (Chrono Boost)  
  23  2:34  Probe  
  24  2:50  Probe  
  24  2:51  Cybernetics Core  
Tags
 
Add a new tag
Caveats
  • Supply blocks, unpowered buildings, or Contaminate may cause inaccurate times.
  • Supply counts are checked every 10 seconds.